[Event "Late-Titled-Tuesday-Blitz-March-19-2024"]
[Site "Chess.com"]
[Date "2024.03.19"]
[Round "10"]
[White "OverallStranger"]
[Black "Navyblue1"]
[Result "0-1"]
[WhiteElo "2360"]
[BlackElo "2228"]
[TimeControl "180+1"]
[EndTime "15:54:29 PDT"]
[Termination "Navyblue1 won by resignation"]

1. Nf3 c5 2. g3 g6 3. Bg2 Bg7 4. O-O Nc6 5. c4 Nf6 6. d4 cxd4 7. Nxd4 O-O 8. Nc3 Nxd4 9. Qxd4 d6 10. b3 Nd7 11. Qd2 a5 12. Bb2 Nc5 13.
Nd5 Bxb2 14. Qxb2 Be6 15. a4 Bxd5 16. Bxd5 Qb6 17. Rab1 Rad8 18. e3 Qb4 19. Rfd1 Rd7 20. Qd2 Qxd2 21. Rxd2 Kg7 22. b4 axb4 23. Rxb4 Ra8 24.
Rdb2 Ra7 25. Kg2 Rc7 26. h4 e6 27. Bf3 Rxa4 28. Rxa4 Nxa4 29. Rxb7 Rxc4 30. Be2 Rc8 31. Bb5 Nc5 32. Ra7 Rb8 33. Bd7 Nxd7 34. Rxd7 d5 35.
Kf3 h5 36. Ke2 Rb2+ 37. Kf3 Kf6 38. Rc7 e5 39. Rc6+ Kf5 40. Rd6 Rd2 41. Rd7 f6 42. Rd6 e4+ 43. Kg2 Ke5 44. Rd8 d4 45. exd4+ Rxd4 46. Re8+ Kf5 47. Re7 Rd2 48. Re8 g5 49. hxg5 fxg5 50.
Rf8+ Kg4 51. Re8 Rd4 52. Rxe4+ Rxe4 53. f3+ Kf5 54. fxe4+ Kxe4 55. Kf2 g4 56. Ke2 Kd4 57. Kd2 Kc4 58. Kc2 Kb4 59. Kb2 h4 60. gxh4 g3 61. h5 g2 62. h6 g1=Q 63. h7 Qg7+ 0-1

[Event "Late-Titled-Tuesday-Blitz-March-19-2024"]
[Site "Chess.com"]
[Date "2024.03.19"]
[Round "10"]
[White "Bryanl106"]
[Black "Pingah9"]
[Result "1-0"]
[WhiteElo "2675"]
[BlackElo "2580"]
[TimeControl "180+1"]
[EndTime "15:54:30 PDT"]
[Termination "Bryanl106 won by resignation"]

1. e4 g6 2. d4 Bg7 3. Bc4 d6 4. Nf3 a6 5. a4 e6 6. Bb3 b6 7.
O-O Ne7 8. Qe2 Bb7 9. h3 Nd7 10. Bf4 h6 11. Bh2 O-O 12. Nc3 g5 13. Rad1 Ng6 14.
Rfe1 Qe7 15. Qe3 Rae8 16. Bg3 Kh7 17. Bh2 Ba8 18. Bc4 Bb7 19. Bb3 Ba8 20. Qd3 Bb7 21.
Qc4 Nf6 22. Qe2 Nh5 23. Qe3 Nhf4 24. h4 e5 25. hxg5 hxg5 26. dxe5 dxe5 27. Nd5 Bxd5 28.
Bxd5 g4 29. Nd2 Bh6 30. Qg3 Nh4 31. Nc4 Nfxg2 32. Re2 Bf4 33. Qxg4 Bxh2+ 34. Kxh2 Qf6 35. Qh5+ Qh6 36. Qxh6+ Kxh6 37. Bc6 Re6 38. Bd7 Re7 39. Bf5 Nf4 40. Re3 Nxf5 41. exf5 Kg5 42. Rxe5 Rh8+ 43. Kg1 Rxe5 44. Nxe5 Kxf5 45. Nxf7 Rf8 46. Nd8 c5 47. Nb7 Ne2+ 48. Kf1 Nd4 49. c3 Nf3 50. a5 b5 51.
Nxc5 Rh8 52. Nxa6 Ne5 53. Nc7 Kf4 54. Ne6+ Kf3 55. Nd4+ Ke4 56. Ke2 b4 57. a6 bxc3 58. bxc3 Ra8 59. Ra1 Nc4 60. a7 Kd5 61. Ra6 Kc5 62.
Ne6+ Kb5 63. Nc7+ 1-0

[Event "Late-Titled-Tuesday-Blitz-March-19-2024"]
[Site "Chess.com"]
[Date "2024.03.19"]
[Round "10"]
[White "schondeln"]
[Black "C_K_G"]
[Result "1-0"]
[WhiteElo "2384"]
[BlackElo "2215"]
[TimeControl "180+1"]
[EndTime "15:54:30 PDT"]
[Termination "schondeln won on time"]

1. e4 c5 2. Nf3 d6 3. Bc4 e6 4. O-O a6 5. Re1 Nc6 6. c3 Nf6 7. Bf1 Be7 8. d4 cxd4 9. cxd4 O-O 10. Nc3 b5 11. d5 Ne5 12. dxe6 Bxe6 13. Nd4 Bc4 14.
Nf5 Re8 15. Bg5 h6 16. Bxf6 Bxf6 17. Nxd6 Bxf1 18. Nxe8 Bxg2 19. Nxf6+ Qxf6 20. Kxg2 Qg5+ 21. Kh1 Rd8 22. Qe2 Qh4 23. Rad1 Re8 24. f4 Ng4 25. Rf1 b4 26. Nd5 Rxe4 27. Qg2 a5 28. b3 Re6 29. f5 Re5 30. f6 g5 31. Ne7+ Kh7 32. Nf5 Qh5 33. Ng3 Qh4 34. Rfe1 Rxe1+ 35. Rxe1 Nxf6 36.
Rf1 Kg7 37. Qf2 Ng4 38. Nf5+ Kg8 39. Nxh4 Nxf2+ 40. Rxf2 Kg7 41. Rf5 gxh4 42. Rxa5 Kg6 43. Ra4 f5 44. Rxb4 Kg5 45. Rc4 h5 46. Kg1 f4 47. h3 1-0

[Event "Late-Titled-Tuesday-Blitz-March-19-2024"]
[Site "Chess.com"]
[Date "2024.03.19"]
[Round "10"]
[White "azikom"]
[Black "MightyMike_009"]
[Result "1/2-1/2"]
[WhiteElo "2599"]
[BlackElo "2747"]
[TimeControl "180+1"]
[EndTime "15:54:31 PDT"]
[Termination "Game drawn by repetition"]

1. d4 Nf6 2. c4 e6 3. Nc3 d5 4.
Nf3 c6 5. e3 Be7 6. b3 O-O 7. Bb2 Re8 8. Qc2 dxc4 9. Bxc4 b5 10. Bd3 Na6 11. a3 b4 12. Ne4 Nxe4 13. Bxe4 bxa3 14.
Bxh7+ Kh8 15. Bc3 Nb4 16. Bxb4 Bxb4+ 17. Kf1 Ba6+ 18. Bd3 Bxd3+ 19. Qxd3 c5 20. h4 cxd4 21. Ng5 Kg8 22. Qh7+ Kf8 23. Qh8+ Ke7 24. Qxg7 Rf8 25. exd4 Qd5 26. Rh3 Bd2 27. Rxa3 Qf5 28. Ra1 Rg8 29. Qe5 Qxe5 30. dxe5 Bxg5 31. hxg5 Rxg5 32. Ra5 Rgg8 33. Rc3 Rgd8 34. g4 Rd7 35. Kg2 Rg8 36. Kg3 Rb8 37.
f4 Rb4 38. Ra4 Rb5 39. g5 Rdb7 40. Kg4 Kf8 41. Ra6 Kg7 42. Rd3 Kg6 43. f5+ Kg7 44.
fxe6 Rxe5 45. exf7 Kxf7 46. Rf6+ Kg7 47. Rf5 Rb4+ 48. Rf4 Rbb5 49. Rd7+ Kg8 50. Rd8+ Kg7 51. Rd7+ Kg8 52. Rd8+ Kg7 53. Rd7+ 1/2-1/2

[Event "Late-Titled-Tuesday-Blitz-March-19-2024"]
[Site "Chess.com"]
[Date "2024.03.19"]
[Round "10"]
[White "xasid81"]
[Black "liwadas82"]
[Result "1-0"]
[WhiteElo "2601"]
[BlackElo "2510"]
[TimeControl "180+1"]
[EndTime "15:54:32 PDT"]
[Termination "xasid81 won by resignation"]

1. a3 e5 2. e3 d5 3. d4 exd4 4. exd4 Nf6 5. Nf3 Bd6 6. h3 O-O 7. Be2 Re8 8. O-O Bf5 9. Bd3 Qd7 10. Nc3 Bxd3 11. Qxd3 h6 12. Bd2 Nc6 13. Rfe1 Rxe1+ 14. Rxe1 Re8 15. Rxe8+ Qxe8 16. Qb5 Ne4 17. Be3 Nxc3 18.
bxc3 Qe6 19. Qxb7 Ne7 20. Qxa7 Nf5 21. Bd2 g5 22. Kf1 Qe4 23. Ne1 Kg7 24. Qa6 f6 25. a4 c5 26. dxc5 Bxc5 27. Qd3 Qe6 28. a5 Nd6 29. Be3 Bxe3 30. Qxe3 Qxe3 31. fxe3 Nc4 32. a6 Kf7 33. a7 Nb6 34. Ke2 Ke6 35. Kd3 Ke5 36.
Nf3+ Kd6 37. Nd4 Kc7 38. g4 Kb7 39. Nf5 Kxa7 40. Nxh6 Kb7 41. Ng8 Nd7 42. Kd4 Kc6 43. Ne7+ Kd6 44. Nxd5 Ke6 45. c4 Ne5 46. e4 Nf3+ 47.
Ke3 Ng1 48. c5 Nxh3 49. c6 Kd6 50. c7 Kd7 51. c4 Ng1 52. Kf2 Nh3+ 53. Kg2 Nf4+ 54.
Nxf4 gxf4 55. Kf3 Kxc7 56. Kxf4 Kd6 57. Kf5 Ke7 58. c5 Kf7 59. c6 1-0

[Event "Late-Titled-Tuesday-Blitz-March-19-2024"]
[Site "Chess.com"]
[Date "2024.03.19"]
[Round "10"]
[White "MathiasWomacka"]
[Black "Heliosis11"]
[Result "0-1"]
[WhiteElo "2481"]
[BlackElo "2291"]
[TimeControl "180+1"]
[EndTime "15:54:33 PDT"]
[Termination "Heliosis11 won by resignation"]

1. e4 c5 2. Nf3 e6 3. d4 cxd4 4. Nxd4 Nc6 5. Nc3 Qc7 6. Be2 a6 7. O-O Nf6 8. Be3 Bb4 9. Na4 Be7 10. Nxc6 bxc6 11. Nb6 Rb8 12. Nxc8 Qxc8 13. Bd4 c5 14. Be5 Rb6 15. Qd3 d6 16. Bc3 O-O 17. b3 Qc6 18.
e5 Nd5 19. Bf3 dxe5 20. Ba5 Rb5 21. Bd2 Qc8 22. Rad1 Nf6 23. Bc3 Qc7 24. Qe2 e4 25.
Bxe4 Nxe4 26. Qxe4 c4 27. bxc4 Rc5 28. Qg4 g6 29. Qd4 e5 30. Qe3 Bf6 31. Rd5 Rxc4 32. Bxe5 Bxe5 33. Rxe5 Rxc2 34. Re7 Qa5 35. a3 Rc3 36.
Qd4 Qxa3 37. Rd7 Rc1 38. h4 Rxf1+ 39. Kxf1 Qa5 40. g3 Qb5+ 41. Kg1 a5 42. Ra7 Rc8 43.
Qf4 Rf8 44. Qc7 a4 45. Qc3 Rb8 46. Qf3 Rf8 47. Qc3 Qb1+ 48. Kh2 Qe4 49. Qa3 Qe2 50. Kg2 Qe4+ 51. Kh2 Qd4 52. Kg2 Qxa7 53.
Qd3 a3 0-1

[Event "Late-Titled-Tuesday-Blitz-March-19-2024"]
[Site "Chess.com"]
[Date "2024.03.19"]
[Round "10"]
[White "Kopytkin"]
[Black "mirochka"]
[Result "1-0"]
[WhiteElo "2412"]
[BlackElo "2260"]
[TimeControl "180+1"]
[EndTime "15:54:34 PDT"]
[Termination "Kopytkin won by checkmate"]

1. d4 d5 2. Nf3 Nf6 3. e3 Bf5 4. Nbd2 e6 5. Ne5 Nfd7 6. g4 Bg6 7. h4 Nxe5 8. dxe5 h5 9. Bd3 Bxd3 10. cxd3 d4 11.
e4 Nc6 12. f4 hxg4 13. Qxg4 g6 14. a3 Qd7 15. Nf3 Na5 16. Bd2 Nb3 17. Rd1 O-O-O 18.
Ke2 Kb8 19. h5 gxh5 20. Rxh5 Be7 21. Rdh1 Rhg8 22. Rg5 Bxg5 23. fxg5 Qb5 24. Rh7 Rgf8 25. Qh5 Nc5 26. Ne1 Nxe4 27. Qf3 Nc5 28. b4 Nd7 29. Bf4 Nxe5 30. Qe4 Ng6 31. Bg3 Rde8 32.
Nf3 Qd5 33. Nxd4 Qxe4+ 34. dxe4 Rd8 35. Nf3 Rde8 36. Ne5 Nxe5 37. Bxe5 Kc8 38. Bf6 Kd7 39. Kd3 e5 40. Kc4 Ke6 41. Rh6 Rg8 42. a4 Rg6 43.
Rh1 Reg8 44. Rd1 Re8 45. a5 a6 46. b5 axb5+ 47. Kxb5 Ra8 48. Rc1 Kd6 49. Rd1+ Ke6 50. Rc1 Kd7 51. Rd1+ Kc8 52. Rd8# 1-0

[Event "Late-Titled-Tuesday-Blitz-March-19-2024"]
[Site "Chess.com"]
[Date "2024.03.19"]
[Round "10"]
[White "egnfanclub"]
[Black "malakismayil"]
[Result "0-1"]
[WhiteElo "2390"]
[BlackElo "2519"]
[TimeControl "180+1"]
[EndTime "15:54:35 PDT"]
[Termination "malakismayil won by resignation"]

1. e4 e5 2. Nf3 Nc6 3. Bc4 Bc5 4. c3 Nf6 5. d4 exd4 6. b4 Bb6 7. e5 d5 8. exf6 dxc4 9. fxg7 Rg8 10. Qe2+ Be6 11. Bg5 Qd5 12. Nbd2 d3 13. Qe4 h6 14. Qh7 Kd7 15.
Qxh6 Bf5 16. O-O Rae8 17. Rae1 Re2 18. Rxe2 dxe2 19. Re1 Bd3 20. b5 Ne5 21. Bf6 Ng4 22.
Qf4 Bxf2+ 23. Kh1 Nxf6 24. Qxf6 Bxe1 25. Nxe1 Qe6 26. Qd4+ Qd6 27. Qg4+ Qe6 28. Qd4+ Ke8 29. Ndf3 f6 30. Kg1 Rxg7 31. Kf2 Rd7 32. Qxa7 Qb6+ 33. Qxb6 cxb6 34. Nd4 Rd5 35. a4 Kf7 36. Ke3 Re5+ 37. Kd2 Kg6 38. Nef3 Re8 39. Nxe2 Rxe2+ 40. Kd1 Ra2 41.
h3 Rxa4 42. Nd4 Ra1+ 43. Kd2 Ra2+ 44. Ke3 Rxg2 45. Nf3 Rg3 46. Kf4 Rxh3 47. Kg4 Rxf3 48. Kxf3 Kf5 49. Ke3 Ke5 50. Kf3 f5 51. Ke3 Kd5 52.
Kf4 Kc5 0-1

[Event "Late-Titled-Tuesday-Blitz-March-19-2024"]
[Site "Chess.com"]
[Date "2024.03.19"]
[Round "10"]
[White "jefferyx"]
[Black "xxysoul6"]
[Result "0-1"]
[WhiteElo "3099"]
[BlackElo "3007"]
[TimeControl "180+1"]
[EndTime "15:54:37 PDT"]
[Termination "xxysoul6 won by resignation"]

1. d4 Nf6 2. c4 e6 3. Nc3 Bb4 4. Nf3 O-O 5. Bg5 c5 6. e3 h6 7. Bh4 cxd4 8. exd4 d5 9. Rc1 Nc6 10. a3 Bxc3+ 11. Rxc3 b6 12. cxd5 Qxd5 13. Bxf6 gxf6 14. Bc4 Qe4+ 15. Re3 Qf4 16. g3 Qd6 17. d5 Na5 18.
Ba2 exd5 19. Bxd5 Rd8 20. Rd3 Qe7+ 21. Re3 Qd6 22. Rd3 Be6 23. Be4 Qe7 24. O-O Bc4 25.
Re1 Bxd3 26. Bxa8 Qd7 27. Be4 Bxe4 28. Qxd7 Rxd7 29. Rxe4 b5 30. Nd4 Rd5 31. b4 Nb7 32. Nc6 Kg7 33. Nxa7 Nd6 34. Rg4+ Kf8 35. Nc6 Rd1+ 36.
Kg2 Ra1 37. Rd4 Nc4 38. Rd8+ Kg7 39. Rd7 Rxa3 40. Nd8 Ne5 41. Rb7 Ra2 42. Ne6+ Kh7 43. Nf4 Ng4 44. h3 Nxf2 45. Kf3 Nd1 46. Rxf7+ Kg8 47.
Rxf6 Kg7 48. Nh5+ Kh7 49. Rb6 Ra3+ 50. Kf4 Nc3 51. Nf6+ Kg7 52. Kf5 Ne2 53. Rb7+ Kf8 54.
g4 Rxh3 55. Rxb5 Nd4+ 0-1

[Event "Late-Titled-Tuesday-Blitz-March-19-2024"]
[Site "Chess.com"]
[Date "2024.03.19"]
[Round "10"]
[White "Alexei_Gubajdullin"]
[Black "Heydarli77"]
[Result "1/2-1/2"]
[WhiteElo "2630"]
[BlackElo "2408"]
[TimeControl "180+1"]
[EndTime "15:54:37 PDT"]
[Termination "Game drawn by repetition"]

1. Nf3 d5 2. d4 Nf6 3. Bf4 Bf5 4. e3 e6 5. c4 Bxb1 6. Qxb1 Bb4+ 7. Kd1 O-O 8. a3 Bd6 9. Bg3 Ne4 10. Bd3 c5 11.
Bxe4 dxe4 12. Qxe4 cxd4 13. exd4 Nc6 14. Kc2 Rc8 15.
Rac1 Na5 16. c5 b6 17. Kb1 bxc5 18. dxc5 Bxc5 19. b4 Qb6 20. Ng5 g6 21. Qh4 h5 22.
Be5 Be7 23. Bb2 Nb3 24. Rxc8 Rxc8 25. Qf4 Bxg5 26. Qxg5 Nd4 27. Qe5 Rd8 28. Rd1 Rd5 29.
Qf6 e5 30. Qxb6 axb6 31. f4 f6 32. a4 Kf7 33. b5 Ke6 34. fxe5 fxe5 35. Rf1 Nb3 36. Kc2 Nc5 37. Ra1 Nb7 38. Re1 Nc5 39. Ra1 Nb7 40. Bc1 e4 41. Be3 Rd6 42. Rd1 Nc5 43.
Bxc5 Rxd1 44. Kxd1 bxc5 45. a5 Kd6 46. a6 Kc7 47. a7 Kb7 48. b6 c4 49. Kd2 g5 50.
h3 h4 51. Ke2 Ka8 52. Ke3 c3 53. Ke2 Kb7 54. Ke3 Ka8 55. Ke2 Kb7 56. Ke3 Ka8 1/2-1/2

[Event "Late-Titled-Tuesday-Blitz-March-19-2024"]
[Site "Chess.com"]
[Date "2024.03.19"]
[Round "10"]
[White "M1711"]
[Black "kids2010"]
[Result "1-0"]
[WhiteElo "2673"]
[BlackElo "2773"]
[TimeControl "180+1"]
[EndTime "15:54:38 PDT"]
[Termination "M1711 won by resignation"]

1. e4 c6 2. Nc3 d5 3. Nf3 dxe4 4. Nxe4 Nf6 5. Qe2 Nxe4 6. Qxe4 Be6 7. c4 Nd7 8. d4 Nf6 9. Qc2 g6 10. Be2 Bg7 11.
O-O O-O 12. Bf4 Bf5 13. Qb3 Qb6 14. Qa3 Rfe8 15. Be5 Bg4 16. Rfd1 Bxf3 17. Bxf3 e6 18. b4 a5 19. Rab1 axb4 20. Qxb4 Qxb4 21. Rxb4 Re7 22. a4 Ne8 23. Bf4 Rd7 24. Be3 Bf8 25. c5 Be7 26.
Rdb1 Ra7 27. a5 Nf6 28. g3 Kg7 29. a6 bxa6 30. Bxc6 Rdc7 31. Bf3 h5 32. Ra4 Nd7 33. c6 Nf6 34. Rb7 Nd5 35. Bxd5 exd5 36. Rxc7 Rxc7 37. Rxa6 Bd6 38. Bd2 Kf6 39. Ba5 Rc8 40. c7 Ke7 41. Kg2 Kd7 42. Kf3 Bxc7 43. Ra7 Kd6 44. Bxc7+ Rxc7 45.
Rxc7 Kxc7 46. Kf4 f6 47. g4 hxg4 48. Kxg4 Kd6 49. f4 Ke7 50. f5 Kf7 51. fxg6+ Kxg6 52. h4 Kh6 53. Kf5 Kh5 54. Kxf6 Kxh4 55. Ke5 Kg5 56.
Kxd5 Kf6 57. Kd6 Kf7 58. d5 Ke8 59. Kc7 Ke7 60. d6+ 1-0

[Event "Late-Titled-Tuesday-Blitz-March-19-2024"]
[Site "Chess.com"]
[Date "2024.03.19"]
[Round "10"]
[White "rhwr"]
[Black "szachmistrz2500"]
[Result "1-0"]
[WhiteElo "2316"]
[BlackElo "2437"]
[TimeControl "180+1"]
[EndTime "15:54:39 PDT"]
[Termination "rhwr won by checkmate"]

1. e4 c5 2. Nf3 e6 3. d4 cxd4 4. Nxd4 Nc6 5. Be2 Nf6 6. Nc3 Bb4 7. Nxc6 bxc6 8. e5 Nd5 9. Bd2 Nxc3 10. bxc3 Bc5 11. O-O O-O 12. Bd3 f5 13. exf6 Qxf6 14. Qe2 Qh4 15. Be3 Bd6 16. g3 Qh3 17. Be4 a5 18. Bg2 Qf5 19. Rfd1 Bc7 20. Rab1 d5 21.
Bc5 Rf7 22. Qd3 e5 23. c4 e4 24. Qe2 Be6 25. cxd5 cxd5 26. Rb5 h6 27. c4 Qg4 28. Qxg4 Bxg4 29. Rc1 dxc4 30. Bxe4 Rd8 31. Be3 Be2 32. Bd5 Rxd5 33. Rxd5 Bd3 34. Rd4 Be5 35. Rd5 Bc7 36.
Rc5 Bb6 37. Rc8+ Kh7 38. Bxb6 Rb7 39. Bxa5 Ra7 40. Rc5 Ra6 41. Kg2 Rd6 42. Kf3 Re6 43. a4 Be2+ 44. Kg2 Bd3 45. Bc3 Be4+ 46. Kg1 Bd3 47.
a5 Ra6 48. Rb5 Ra7 49. Ra1 h5 50. a6 Be4 51. Rb6 Bf3 52. Rb4 Be2 53. Rb7 Ra8 54. a7 Bf3 55. Rb8 Be4 56. Rxa8 Bxa8 57. Ra4 Bc6 58. Rxc4 Ba8 59. Rc8 Bb7 60. a8=Q Bd5 61. Qxd5 Kh6 62. Rh8+ Kg6 63. Rg8 Kh6 64. Bxg7+ Kg6 65.
Bf8+ Kh7 66. Qf7# 1-0

[Event "Late-Titled-Tuesday-Blitz-March-19-2024"]
[Site "Chess.com"]
[Date "2024.03.19"]
[Round "10"]
[White "Der_Balak_3Halak"]
[Black "woodhy"]
[Result "0-1"]
[WhiteElo "2415"]
[BlackElo "2523"]
[TimeControl "180+1"]
[EndTime "15:54:40 PDT"]
[Termination "woodhy won by resignation"]

1. e4 e6 2. d4 d5 3. exd5 exd5 4.
Bd3 Bd6 5. Ne2 Ne7 6. O-O O-O 7. Bf4 Bf5 8. Nbc3 c6 9. f3 Re8 10. Re1 Qc7 11. Bxd6 Qxd6 12. Qd2 Nd7 13. Qf4 Qg6 14. Bxf5 Nxf5 15. Ng3 Nxg3 16. Qxg3 Qxc2 17. Qc7 Nf8 18. Qxb7 Qd2 19. Red1 Qe3+ 20. Kh1 Rab8 21. Qxc6 Rxb2 22. Nxd5 Qf2 23. Rg1 Re6 24. Qc8 Qxd4 25. Rad1 Rd2 26.
Rxd2 Qxd2 27. Qd8 Qe2 28. Nf4 Re8 29. Nxe2 Rxd8 30. Nc3 Ne6 31. Rd1 Rc8 32. Rc1 h6 33. Kg1 Rd8 34. Rd1 Rb8 35. Rb1 Rc8 36. Rc1 Nf4 37. Kf1 Nd3 38. Rc2 Re8 39. Re2 Rc8 40. Rc2 Rc6 41. Ke2 Nf4+ 42. Kd1 Nxg2 43. Rxg2 Rxc3 44. Rf2 f5 45. Kd2 Ra3 46. Kc1 f4 47. Kb2 Re3 48. h4 Kf7 49. Rc2 Rxf3 50. Rc7+ Kf6 51. Rxa7 g5 52. Ra6+ Kg7 53. hxg5 hxg5 54.
a4 g4 55. Ra7+ Kg6 56. Re7 g3 57. Re1 g2 58. Rg1 Rf2+ 59. Kc3 f3 0-1

[Event "Late-Titled-Tuesday-Blitz-March-19-2024"]
[Site "Chess.com"]
[Date "2024.03.19"]
[Round "10"]
[White "ckgchess"]
[Black "SpeedofLight0"]
[Result "0-1"]
[WhiteElo "2931"]
[BlackElo "3070"]
[TimeControl "180+1"]
[EndTime "15:54:43 PDT"]
[Termination "SpeedofLight0 won on time"]

1. e4 Nc6 2. Nf3 d6 3. d4 Nf6 4. Nc3 g6 5. Be3 Bg7 6. Qd2 Bg4 7. Be2 Bxf3 8. Bxf3 e5 9. d5 Nd4 10. Bxd4 exd4 11.
Qxd4 O-O 12. O-O Nd7 13. Qd2 Re8 14. Rfe1 Ne5 15. Be2 Qh4 16. f4 Nd7 17. g3 Qd8 18. Bb5 c6 19. dxc6 bxc6 20. Bc4 Qb6+ 21. Kg2 Qxb2 22.
Ne2 Rxe4 23. Rab1 Qf6 24. Bd3 Re7 25. Ng1 Rae8 26. Rxe7 Rxe7 27. Nf3 Nc5 28. Rb8+ Bf8 29. h4 h5 30. Ng5 Qd4 31. f5 Nxd3 32. Qxd3 Qxd3 33. cxd3 gxf5 34. Nh3 f6 35. Nf4 Kf7 36. Rc8 c5 37. Nxh5 Bh6 38. Rh8 Kg6 39. Nf4+ Bxf4 40. gxf4 Re3 41. h5+ Kg7 42. Ra8 Rxd3 43. Rxa7+ Kh6 44.
Rf7 Kxh5 45. a4 Kg4 46. a5 Ra3 47. Rxf6 Rxa5 48. Rxd6 Ra2+ 49. Kf1 Kxf4 50. Rd5 Rc2 51. Ke1 Ke4 52. Rd8 f4 53. Re8+ Kf3 54. Kd1 Rc4 55. Rh8 Re4 56. Rh3+ Kg2 57. Rh8 f3 58. Rg8+ Kf1 0-1

[Event "Late-Titled-Tuesday-Blitz-March-19-2024"]
[Site "Chess.com"]
[Date "2024.03.19"]
[Round "10"]
[White "ViktoriyaTarasova"]
[Black "ninguno46"]
[Result "1-0"]
[WhiteElo "2363"]
[BlackElo "2524"]
[TimeControl "180+1"]
[EndTime "15:54:50 PDT"]
[Termination "ViktoriyaTarasova won by resignation"]

1. d4 Nf6 2. c4 g6 3. Nc3 d5 4. cxd5 Nxd5 5. g3 Bg7 6. Bg2 Nb6 7. Nf3 O-O 8. O-O Nc6 9. e3 Re8 10. Re1 e5 11. d5 Na5 12. b3 e4 13. Nd4 Nxd5 14.
Nxe4 Nb4 15. Bb2 f5 16. Nc5 c6 17. a3 Nd5 18. Qc2 b6 19. Na4 c5 20. Ne2 Bxb2 21. Nxb2 Be6 22. Red1 Qf6 23. Bxd5 Bxd5 24. Rxd5 Rad8 25.
Rad1 Rxd5 26. Rxd5 Nc6 27. Nc4 Qa1+ 28. Kg2 Qg7 29. Qd2 h6 30. Rd7 Re7 31. Qd5+ Kh7 32. Rxe7 Nxe7 33. Qd7 Ng8 34. Qxg7+ Kxg7 35. Nf4 Kf7 36.
h4 Ne7 37. Kf3 Kf6 38. Nd3 g5 39. hxg5+ hxg5 40. Ke2 Nd5 41. Kd2 Ke6 42. Ncb2 Nf6 43. f3 Nh5 44. g4 fxg4 45. fxg4 Nf6 46. Nf2 Kd5 47. Kd3 b5 48. e4+ Ke5 49. Ke3 Kd6 50.
Nbd3 Nd7 51. Nd1 c4 52. bxc4 bxc4 53. N3b2 Nb6 54. Kd4 Kc6 55. Nxc4 Nd7 56. Ne5+ Nxe5 57. Kxe5 Kb5 58. Kf6 Ka4 59. e5 Kxa3 60. e6 Kb3 61. e7 a5 62. e8=Q a4 63. Qe6+ Kb4 64.
Qe4+ 1-0

[Event "Late-Titled-Tuesday-Blitz-March-19-2024"]
[Site "Chess.com"]
[Date "2024.03.19"]
[Round "10"]
[White "Zohid6"]
[Black "Dhaydon19"]
[Result "1-0"]
[WhiteElo "2889"]
[BlackElo "2671"]
[TimeControl "180+1"]
[EndTime "15:54:52 PDT"]
[Termination "Zohid6 won by resignation"]

1. e4 Nf6 2. e5 Nd5 3. d4 d6 4.
Nf3 Bf5 5. Bc4 Nb6 6. Bb3 d5 7. O-O e6 8. c3 Be7 9. a4 a5 10. Be3 N8d7 11. Na3 c6 12. h3 O-O 13. Nd2 Rc8 14. f4 Bg6 15. g4 f5 16. g5 Qe8 17.
Qe1 Nb8 18. Kh2 c5 19. Nb5 c4 20. Bd1 Rc6 21. Qe2 Na6 22. Rg1 Nc7 23. Na7 Nca8 24. Nxc6 bxc6 25. h4 Bf7 26. h5 g6 27. hxg6 Bxg6 28.
Nf3 Bh5 29. Kg3 Bg4 30. Rh1 h5 31. Qc2 c5 32. dxc5 Nd7 33. Nd4 Nxc5 34. Bxg4 hxg4 35. Rh6 Ne4+ 36. Kg2 Bxg5 37. fxg5 f4 38. Bxf4 Rxf4 39.
Rah1 Kf7 40. Rf6+ Rxf6 41. gxf6 Qg8 42. Qc1 Ng5 43. Qf4 Nh3 44. Qh6 Nc7 45. Qh5+ Kf8 46. Kg3 Na6 47. Rf1 Nc5 48. Qxg4 Ng5 49. Kg2 Nd3 50.
f7 Qg7 51. Qg3 Nxe5 52. Nc6 Qg6 53. Nxe5 Qe4+ 54. Nf3 Qe2+ 55. Rf2 Nxf3 56. Rxe2 1-0

[Event "Late-Titled-Tuesday-Blitz-March-19-2024"]
[Site "Chess.com"]
[Date "2024.03.19"]
[Round "10"]
[White "nindjaxx8"]
[Black "TheRigos"]
[Result "1/2-1/2"]
[WhiteElo "2659"]
[BlackElo "2575"]
[TimeControl "180+1"]
[EndTime "15:54:52 PDT"]
[Termination "Game drawn by stalemate"]

1. d4 Nf6 2. c4 c5 3. e3 g6 4. Nc3 Bg7 5. Nf3 O-O 6. Be2 cxd4 7.
exd4 d5 8. O-O Nc6 9. Be3 Bg4 10. h3 Bxf3 11. Bxf3 dxc4 12. Rc1 Rc8 13. Kh1 a6 14.
Qa4 e6 15. Qxc4 Ne5 16. Qe2 Nxf3 17. Qxf3 b5 18. a3 h6 19. Rfd1 Nd5 20. Ne4 Nxe3 21. fxe3 Qh4 22. Nc5 e5 23. dxe5 Qe7 24. Nxa6 Qxe5 25.
Rxc8 Rxc8 26. Rf1 Qe6 27. Nb4 Bxb2 28. e4 Be5 29. Nd5 Kg7 30. Qd3 Bb8 31. Qf3 Rf8 32. Qc3+ Qe5 33. Qxe5+ Bxe5 34. Rb1 Ra8 35. Rb3 g5 36. Kg1 Ra4 37. Kf2 Rxe4 38. Rxb5 Ra4 39. Rb3 Bd6 40. Ke2 Rxa3 41. Rxa3 Bxa3 42. Kf3 f5 43. g4 Kg6 44. gxf5+ Kxf5 45. Ne3+ Kg6 46. Ng4 Be7 47. Nf2 Kf5 48. Ng4 Kg6 49. Ne3 Bd6 50.
Nf1 Bc7 51. Nd2 Kf5 52. Ne4 h5 53. Nxg5 Kxg5 54. Kg2 Kh4 55. Kh1 Kg3 56. Kg1 Bb6+ 57. Kh1 Be3 58. h4 Kg4 59. Kh2 Bf4+ 60. Kh1 Bg3 61.
Kg1 Bxh4 62. Kh1 Bg5 63. Kh2 Bf4+ 64. Kh1 Kh3 65. Kg1 Kh4 66. Kh1 Kg4 67. Kg2 Kh4 68.
Kh1 Kg3 69. Kg1 Be3+ 70. Kh1 h4 1/2-1/2

[Event "Late-Titled-Tuesday-Blitz-March-19-2024"]
[Site "Chess.com"]
[Date "2024.03.19"]
[Round "10"]
[White "Willhaven3"]
[Black "Viktor_Poddubnyi"]
[Result "0-1"]
[WhiteElo "2485"]
[BlackElo "2325"]
[TimeControl "180+1"]
[EndTime "15:54:52 PDT"]
[Termination "Viktor_Poddubnyi won by checkmate"]

1. e4 g6 2. c4 Bg7 3. Nc3 c5 4. g3 Nc6 5. Bg2 Nf6 6. Nge2 O-O 7. O-O d6 8. d3 a6 9. h3 Rb8 10. Rb1 b5 11. b3 b4 12. Nd5 Ne8 13. Be3 e6 14. Ndf4 Nc7 15. h4 e5 16. Nd5 Nxd5 17.
cxd5 Na7 18. Qd2 Nb5 19. h5 a5 20. hxg6 fxg6 21. f4 Rb7 22. fxe5 Bxe5 23. Nf4 Rbf7 24.
Rf2 Qe7 25. Rbf1 Nd4 26. Kh2 Bd7 27. Nh3 Bxh3 28. Kxh3 Rxf2 29. Rxf2 Rxf2 30. Qxf2 Qf7 31. Bxd4 Bxd4 32. Qf4 Be5 33. Qe3 Kg7 34. Bf3 Qf6 35.
Bg4 Qf1+ 36. Kh2 Bd4 37. Qe2 Qg1+ 38. Kh3 Bf2 39. Qf3 Qf1+ 40. Kh4 Qg1 41. Be6 Qh2+ 42.
Bh3 Bd4 43. Qg4 Bf6+ 44. Qg5 Bxg5+ 45. Kxg5 Qxg3+ 46. Bg4 Qe3+ 47. Kh4 Qxd3 48. e5 dxe5 49. Be6 Qd4+ 50. Kg3 e4 51. Kg2 Kf6 52. Kf1 Ke5 53.
Ke2 Qxd5 54. Bxd5 Kxd5 55. Ke3 Ke5 56. Ke2 Kf4 57. Kf2 e3+ 58. Ke2 Ke4 59. Ke1 Kf3 60. Kf1 e2+ 61. Ke1 Ke3 62. a4 bxa3 63. b4 a2 64. b5 a1=Q# 0-1

[Event "Late-Titled-Tuesday-Blitz-March-19-2024"]
[Site "Chess.com"]
[Date "2024.03.19"]
[Round "10"]
[White "aistrel"]
[Black "KNVB"]
[Result "1/2-1/2"]
[WhiteElo "2665"]
[BlackElo "2804"]
[TimeControl "180+1"]
[EndTime "15:54:53 PDT"]
[Termination "Game drawn by stalemate"]

1. d4 e5 2. dxe5 Nc6 3. Nf3 Qe7 4. Bf4 Qb4+ 5. Bd2 Qxb2 6. Nc3 Bb4 7. Rb1 Qxc3 8.
Bxc3 Bxc3+ 9. Nd2 Nxe5 10. e3 Nf6 11. Bd3 O-O 12. O-O d5 13. h3 b6 14. Nf3 Nxf3+ 15.
Qxf3 Be6 16. Bf5 Rae8 17. e4 d4 18. e5 Nd7 19. Bxe6 Rxe6 20. Qb7 Nxe5 21. f4 Nc4 22. f5 Rf6 23. Qxc7 Nd2 24. Qxa7 Nxf1 25. Rxf1 b5 26. g4 h6 27. h4 Rd6 28. g5 d3 29. Qe7 Rfd8 30. cxd3 Bd4+ 31. Kg2 Bc5 32. f6 Rd5 33. Qc7 hxg5 34. fxg7 R8d7 35. Qc6 Kxg7 36. Qf6+ Kg8 37. Rf5 Bd4 38. Rxd5 Rxd5 39. Qf3 Rd6 40. h5 f5 41. Qxf5 Bg7 42. Qxb5 g4 43. Qf5 Kh8 44. Kg3 Rd4 45. Qg6 Rd8 46. h6 Bd4 47. Qe4 Bf6 48. Qe6 Bd4 49. Kxg4 Rg8+ 50. Kf5 Rf8+ 51. Kg6 Bc3 52.
a4 Rg8+ 53. Qxg8+ Kxg8 54. h7+ Kh8 55. Kh6 Bd2+ 56. Kg6 Bc3 57. Kf5 Kxh7 58. Ke6 Kg7 59. Kd5 Kf7 60. d4 Ke7 61. Kc4 Be1 62. d5 Kd7 63.
Kc5 Bf2+ 64. Kb5 Kd6 65. Ka6 Kxd5 66. Kb7 Kd6 67. a5 Be3 68. a6 Bd4 69. Kb8 Kc6 70.
Ka8 Bc5 71. a7 Kc7 1/2-1/2